 Dungeon Crawl Stone Soup version 0.28.0 (webtiles) character file.

Game seed: 12621352372659936735

1440 Sanktem7 the Protected (level 8, -15/69 (70) HPs)
             Began as a Minotaur Fighter on Feb 9, 2022.
             Demolished by an ogre (16 damage)
             ... on level 5 of the Dungeon.
             The game lasted 00:12:36 (5034 turns).

Sanktem7 the Protected (Minotaur Fighter)           Turns: 5034, Time: 00:12:37

HP:   -15/69 (70)   AC: 12    Str: 23    XL:     8   Next: 46%
MP:   7/7           EV:  8    Int:  5    God:
Gold: 228           SH:  5    Dex: 10    Spells: 7/7 levels left

rFire   . . .      SeeInvis .   a - +0 long sword
rCold   . . .      Faith    .   c - +0 buckler
rNeg    . . .      Spirit   .   q - +0 chain mail
rPois   .          Reflect  .   (helmet restricted)
rElec   .          Harm     .   (no cloak)
rCorr   .          Rampage  .   (no gloves)
Will    +....                   r - +0 pair of boots
Stlth   ..........              (no amulet)
HPRegen 0.21/turn               e - ring of willpower
MPRegen 0.10/turn               o - +4 ring of slaying

@: lightly drained
A: horns 2, retaliatory headbutt
a: no special abilities


You were on level 5 of the Dungeon.
You visited 2 branches of the dungeon, and saw 6 of its levels.

You collected 228 gold pieces.

Inventory:

Hand Weapons
 a - a +0 long sword (weapon)
Armour
 c - a +0 buckler (worn)
 q - a +0 chain mail (worn)
 r - a +0 pair of boots (worn)
Jewellery
 e - a ring of willpower (left hand)
 o - a +4 ring of slaying (right hand)
 s - a ring of protection from cold
 t - a ring of poison resistance
 v - a +6 ring of intelligence
 x - a ring of protection from fire
 y - a ring of ice
Wands
 l - a wand of iceblast (13)
Scrolls
 b - 2 scrolls of amnesia {unknown}
 f - a scroll of enchant armour
 h - a scroll of noise
 j - 2 scrolls of identify
 k - a scroll of teleportation
 p - a scroll of magic mapping
 w - a scroll of vulnerability {unknown}
Potions
 d - a potion of might
 g - a potion of haste {unknown}
 i - 3 potions of degeneration
 m - a potion of mutation {unknown}
 n - a potion of ambrosia {unknown}
 u - a potion of flight {unknown}
 z - a potion of curing {unknown}


   Skills:
 + Level 5.8 Fighting
 + Level 7.5 Long Blades
 + Level 8.6 Armour
 + Level 2.6 Dodging
 + Level 0.2 Stealth
 + Level 5.2 Shields


You had 7 spell levels left.
You didn't know any spells.
Your spell library contained the following spells:

 Spells                   Type           Power      Damage    Failure   Level
 Animate Skeleton         Necr           0%         N/A       99%         1
 Foxfire                  Conj/Fire      0%         2x1d4     99%         1
 Pain                     Necr           0%         1d4       99%         1
 Shock                    Conj/Air       0%         1d3       99%         1
 Conjure Flame            Conj/Fire      0%         6-21      100%        3
 Inner Flame              Hex/Fire       0%         N/A       100%        3
 Swiftness                Air            0%         N/A       100%        3
 Vampiric Draining        Necr           0%         2d6       100%        3
 Airstrike                Air            0%         N/A       100%        4
 Flame Wave               Conj/Fire      0%         2d4       100%        4


Dungeon Overview and Level Annotations

Branches:
Dungeon (5/15)             Temple (1/1) D:4

Altars:
Ashenzari
Dithmenos
Fedhas
Hepliaklqana
Kikubaaqudgha
Nemelex Xobeh
Ru
Vehumet
Wu Jian
Xom
Yredelemnul
Zin
The Shining One

Shops:
D:2 *   D:4 (


Innate Abilities, Weirdness & Mutations

You have a pair of horns on your head.
You reflexively headbutt those who attack you in melee.


Message History

The jackal is moderately wounded.
You block the jackal's attack.
The phantom hits you but does no damage.
The jackal bites you but does no damage.
You slash the jackal!
You kill the jackal!
The phantom closely misses you. You furiously retaliate!
You headbutt the phantom. You hit the iguana but do no damage.
The iguana bites you!
The phantom hits you but does no damage. x2
The iguana bites you.
You hit the iguana. You headbutt the iguana.
The iguana is heavily wounded.
You block the iguana's attack. You block the phantom's attack.
You slash the iguana!
You kill the iguana!
The phantom hits you.
The phantom blinks!
You blink.
Found 14 gold pieces and a leather armour.
You slash the phantom!
You destroy the phantom!
You hit the necrophage.
The necrophage is lightly damaged.
The necrophage hits you.
You feel drained.
You hit the necrophage. You headbutt the necrophage!
The necrophage is heavily damaged.
The necrophage hits you but does no damage.
You hit the ogre. You headbutt the ogre.
The ogre is lightly wounded.
The ogre hits you with a +0 giant club!
* * * LOW HITPOINT WARNING * * *
The necrophage hits you but does no damage.
You slash the ogre!
The ogre is heavily wounded.
The necrophage barely misses you.
The ogre hits you with a +0 giant club!!
* * * LOW HITPOINT WARNING * * *
You closely miss the ogre. You headbutt the ogre!
The ogre is almost dead.
You block the necrophage's attack. The ogre hits you with a +0 giant club!
You die...

#......###.....
#.....##
#...#.. #...###
#...#... #†####
##..# ..
#†...#### #..#
##. #.......###
#.........##
#?..nO.....#
#.###@#### #.#
#...# #.#
#....# #.#
#....# #.
#$.....
######.[ ....
... ..


You could see an ogre and a necrophage.

Vanquished Creatures
  Pikel (D:4)
  A necrophage (D:5)
  3 phantoms
  5 scorpions
  A bullfrog zombie (D:3)
  A hound (D:5)
  A jelly (D:4)
  2 iguanas (D:5)
  Ijyb (D:3)
  A gnoll (D:1)
  8 adders
  An ufetubus (D:5)
  4 worms
  3 dart slugs
  12 orcs
  3 ball pythons
  10 bats
  6 endoplasms
  A giant cockroach (D:2)
  10 goblins
  6 hobgoblins
  4 jackals
  4 quokkas
  5 frilled lizards
  5 kobolds
  6 rats
105 creatures vanquished.

Notes
Turn   | Place    | Note
-------+----------+-------------------------------------------
     0 | D:1      | Sanktem7 the Minotaur Fighter began the quest for the Orb.
     0 | D:1      | Reached XP level 1. HP: 19/19 MP: 0/0
   167 | D:1      | Reached XP level 2. HP: 23/27 MP: 1/1
   250 | D:1      | Found a faded altar of an unknown god.
   284 | D:1      | Reached skill level 4 in Armour
   431 | D:1      | Reached XP level 3. HP: 17/33 MP: 2/2
   838 | D:2      | Found Babbir's General Store.
   989 | D:2      | You fall into a shaft and drop 1 floor!
  1289 | D:3      | Reached skill level 1 in Dodging
  1302 | D:3      | Reached XP level 4. HP: 29/41 MP: 3/3
  1676 | D:3      | Noticed Ijyb
  1686 | D:3      | Killed Ijyb
  1690 | D:3      | Reached skill level 5 in Armour
  1894 | D:3      | Reached XP level 5. HP: 44/47 MP: 4/4
  2857 | D:4      | Noticed a phantom
  2862 | D:4      | Killed a phantom
  3085 | D:4      | Noticed a lemure
  3085 | D:4      | Noticed a lemure
  3086 | D:4      | Noticed Pikel
  3090 | D:4      | Noticed a lemure
  3092 | D:4      | Noticed a lemure
  3098 | D:4      | Killed Pikel
  3099 | D:4      | Reached skill level 5 in Fighting
  3099 | D:4      | Reached skill level 6 in Armour
  3099 | D:4      | Reached XP level 6. HP: 15/56 MP: 5/5
  3099 | D:4      | Reached XP level 7. HP: 16/61 MP: 6/6
  3108 | D:4      | HP: 4/91 [poisoned by an adder]
  3503 | D:4      | Reached skill level 7 in Armour
  3503 | D:4      | Reached skill level 5 in Shields
  3680 | D:4      | Found Pimoept's Weapon Boutique.
  3966 | D:4      | Found a staircase to the Ecumenical Temple.
  4128 | D:4      | Reached XP level 8. HP: 68/68 MP: 7/7
  4276 | Temple   | Entered the Ecumenical Temple
  4829 | D:5      | Entered Level 5 of the Dungeon
  5008 | D:5      | Reached skill level 8 in Armour
  5033 | D:5      | HP: 1/69 [ogre (18)]
  5034 | D:5      | Demolished by an ogre

Illustrated notes

Levels and vault maps discovered:
D:1:      onia_arrival_mini_maze, layout_basic,
          hellmonk_ecumenical_altar_heavens_door
D:2:      layout_basic, serial_shops, shop
D:3:      layout_basic, uniq_ijyb
D:4:      layout_loops_corners, lemuel_temple_firewalk_b, serial_shops, shop,
          st_stairs_4, uniq_pikel
D:5:      minmay_recursive_quarters, layout_basic, kennysheep_generic_room_16
Temple:   nicolae_temple_figure_eight

Skill      XL: |  1  2  3  4  5  6  7  8 |
---------------+-------------------------+-----
Shields        | 4 5 |  5.2
Armour         | 4 5 6 7 8 |  8.6
Fighting       | 4 5 |  5.8
Long Blades    | 3 6 7 |  7.5
Dodging        | 1 2 |  2.6
Stealth        | |  0.2

Action                   |  1- 3 |  4- 6 |  7- 9 || total
-------------------------+-------+-------+-------++-------
Melee: Long sword        |    84 |    68 |    70 ||   222
       Headbutt          |     7 |    12 |    17 ||    36
  Use: Scroll            |       |     5 |       ||     5
       Potion            |       |       |     1 ||     1
Armor: Scale mail        |    53 |    26 |       ||    79
       Chain mail        |       |    22 |    41 ||    63
Dodge: Dodged            |    54 |    31 |    22 ||   107
Block: Buckler           |    27 |    12 |    19 ||    58
